 Dungeon Crawl Stone Soup version 0.28-a0-1184-g53156a8862 (webtiles) character file.

Game seed: 18378930383572081540

37 porpoise the Conjurer (level 3, 0/19 HPs)
             Began as a Deep Elf Conjurer on Dec 18, 2021.
             Succumbed to an adder's poison
             ... on level 2 of the Dungeon.
             The game lasted 00:03:05 (1222 turns).

porpoise the Conjurer (Deep Elf Conjurer)           Turns: 1222, Time: 00:03:06

Health: 0/19       AC:  2    Str:  4    XL:     3   Next: 21%
Magic:  4/10       EV: 12    Int: 24    God:
Gold:   19         SH:  0    Dex: 13    Spells: 6/9 levels left

rFire   . . .      SeeInvis .   (no weapon)
rCold   . . .      Faith    .   (no shield)
rNeg    . . .      Spirit   .   a - +0 robe
rPois   .          Reflect  .   (no helmet)
rElec   .          Harm     .   (no cloak)
rCorr   .          Rampage  .   (no gloves)
Will    .....                   (no boots)
Stlth   ++........              (no amulet)
HPRegen 0.06/turn               (no ring)
MPRegen 0.12/turn               (no ring)

@: mighty, lethally poisoned (0 -> -1)
A: no striking features
a: no special abilities


You were on level 2 of the Dungeon.
You visited 1 branch of the dungeon, and saw 2 of its levels.

You collected 19 gold pieces.

Inventory:

Missiles
 d - 42 stones
 i - 35 sling bullets
 n - 3 poisoned darts
Armour
 a - a +0 robe (worn)
Scrolls
 c - a scroll of magic mapping {unknown}
 g - a scroll of fog {unknown}
 h - a scroll of enchant weapon {unknown}
 k - a scroll of identify {unknown}
Potions
 e - a potion of invisibility {unknown}
 f - a potion of degeneration {unknown}
 j - a potion of cancellation {unknown}
 l - a potion of resistance {unknown}
 m - a potion of lignification {unknown}


   Skills:
 + Level 0.1 Fighting
 - Level 2.4 Dodging
 - Level 2.4 Stealth
 + Level 3.5 Spellcasting
 + Level 5.3 Conjurations


You had 6 spell levels left.
You knew the following spells:

 Your Spells              Type           Power      Damage    Failure   Level
a - Magic Dart            Conj           100%       1d8       1%          1
b - Searing Ray           Conj           58%        2d6       1%          2

Your spell library contained the following spells:

 Spells                   Type           Power      Damage    Failure   Level
 Dazzling Flash           Conj/Hex       34%        N/A       11%         3
 Frozen Ramparts          Ice            8%         1d2       30%         3
 Fulminant Prism          Conj/Hex       8%         3d7       34%         4
 Iskenderun's Mystic Bla  Conj/Tloc      17%        2d5       34%         4
 Ice Form                 Ice/Tmut       4%         N/A       71%         4
 Summon Ice Beast         Ice/Summ       4%         N/A       71%         4
 Agony                    Necr           4%         N/A       96%         5
 Silence                  Hex/Air        2%         N/A       96%         5


Dungeon Overview and Level Annotations

Branches:
Dungeon (2/15)

Altars:


Message History

There is a stone staircase leading up here.
An adder comes into view.
The adder bites you.
Casting: Magic Dart (safe; 1% risk of failure)
Confirm with . or Enter, or press ? or * to list all spells.
Aiming: Searing Ray (safe; 1% risk of failure)
Press: ? - help, Shift-Dir - straight line, f - adder
Aim: an adder (66% to hit)
The searing ray misses the adder. (Press . to maintain the ray.)
The adder barely misses you.
Unknown command.
The searing ray hits the adder.
The adder is heavily wounded.
The adder bites you.
The searing ray hits the adder.
The adder is severely wounded.
The adder bites you.
You are lethally poisoned!
The adder poisons you!
The searing ray hits the adder!
You kill the adder!
You finish channelling your searing ray.
* * * LOW HITPOINT WARNING * * *
You feel sick.
You have reached level 3!
Your experience leads to an increase in your attributes!
Increase (S)trength, (I)ntelligence, or (D)exterity?
You feel clever. x2
* * * LOW HITPOINT WARNING * * *
You feel sick.
* * * LOW HITPOINT WARNING * * *
You feel sick.
* * * LOW HITPOINT WARNING * * *
You feel sick.
* * * LOW HITPOINT WARNING * * *
You feel sick.
It was a potion of might.
You feel very mighty all of a sudden.
You die...

#### ...### .....
...#
###############†..#
#.....<...@.......#
###############...#
...# ...# ...# ..##
##. .


There were no monsters in sight!

Vanquished Creatures
  An adder (D:2)
  A dart slug (D:1)
  4 endoplasms (D:1)
  A giant cockroach (D:1)
  2 hobgoblins (D:1)
  2 jackals (D:1)
  3 kobolds (D:1)
  A quokka (D:1)
  2 ball pythons (D:1)
  2 bats (D:1)
  5 rats (D:1)
24 creatures vanquished.

Notes
Turn   | Place    | Note
-------+----------+-------------------------------------------
     0 | D:1      | porpoise the Deep Elf Conjurer began the quest for the Orb.
     0 | D:1      | Reached XP level 1. HP: 10/10 MP: 6/6
   493 | D:1      | Reached XP level 2. HP: 15/15 MP: 5/8
   593 | D:1      | Found a faded altar of an unknown god.
   643 | D:1      | Reached skill level 5 in Conjurations
   653 | D:1      | Learned a level 2 spell: Searing Ray
  1218 | D:2      | Reached XP level 3. HP: 5/19 MP: 3/10
  1222 | D:2      | Succumbed to an adder's poison

Illustrated notes

Levels and vault maps discovered:
D:1:      co_arrival_square_in_a_square_in_a_square, layout_basic,
          basic_ecumenical_altar, minmay_misc_feat_doors,
          minmay_indecisive_spiral
D:2:      layout_basic, kennysheep_generic_room_14

Skill      XL: |  1  2 |
---------------+-------+-----
Conjurations   | 5 |  5.3
Fighting       | |  0.1
Dodging        | |  2.4
Stealth        | |  2.4
Spellcasting   | |  3.5

Action                   || total
-------------------------++-------
 Cast: Magic Dart        ||    49
       Searing Ray       ||     1
  Use: Potion            ||     1
Dodge: Dodged            ||     6

Table legend: (Time is in decaauts)
 A = Elapsed time spent in this place.
 B = Non-inter-level travel time spent in this place.
 C = Inter-level travel time spent in this place.
 D = Time resting spent in this place.
 E = Time spent auto-exploring this place.
 F = Levels seen in this place.
 G = Mean time per level.
                   A        B        C        D        E       F      G
               +--------+--------+--------+--------+--------+-----+--------+
         Total |   1221 |   1206 |     15 |    641 |    437 |   2 |  610.5 |
       Dungeon |   1221 |   1206 |     15 |    641 |    437 |   2 |  610.5 |
               +--------+--------+--------+--------+--------+-----+--------+

Top non-repeatable levels by time:
     D:1: 1205 daAuts
     D:2: 16 daAuts
